 Dungeon Crawl Stone Soup version 0.31.0-32-g396128a36d (webtiles) character file.

Game seed: 392171802568430203

8434 AgateBread the Frost Mage (level 11, -6/82 (90) HPs)
             Began as a Merfolk Gladiator on Apr 14, 2024.
             Was an Elder of Cheibriados.
             Mangled by a human simulacrum (8 damage)
             ... on level 10 of the Dungeon.
             The game lasted 00:50:52 (15340 turns).

AgateBread the Frost Mage (Merfolk Gladiator)      Turns: 15340, Time: 00:50:52

HP:   -6/82 (90)    AC: 10    Str: 24    XL:     11   Next: 30%
MP:   12/16         EV: 20    Int: 25    God:    Cheibriados [****..]
Gold: 442           SH:  0    Dex: 26    Spells: 11/17 levels left

rFire   . . .        a - +0 long sword (venom)
rCold   . . .        (no shield)
rNeg    . . .        s - +0 acid dragon scales
rPois   .            k - +0 helmet
rElec   .            (no cloak)
rCorr   +            (no gloves)
SInv    .            I - +2 pair of boots
Will    .....        (no amulet)
Stlth   ++           r - ring of wizardry
HPRegen 0.33/turn    E - +6 ring of intelligence
MPRegen 0.15/turn

%: wizardry (x1)
@: drained, very slow
A: (nimble swimmer 2), mertail
a: Renounce Religion, Bend Time, Temporal Distortion, Slouch


You were on level 10 of the Dungeon.
You worshipped Cheibriados.
Cheibriados was greatly pleased with you.
You visited 2 branches of the dungeon, and saw 11 of its levels.
You also visited: Ossuary.

You collected 552 gold pieces.
You spent 110 gold pieces at shops.

Inventory:

Hand Weapons
 a - a +0 long sword of venom (weapon)
 n - a +1 whip of venom
 G - the +16 obsidian axe {drain, demonic, Mesm ^Drain Fly SInv}
   (You found it on level 7 of the Dungeon)

   Mesm:      Its wielder is mesmerised by any visible foes, and it cannot be
   unequipped while any foes are visible.
   SInv:      It lets you see invisible.
   Fly:       It grants you flight.
   ^Drain:    It drains your maximum health when unequipped.
Missiles
 c - 7 boomerangs
 v - 37 poisoned darts
Armour
 b - a +0 leather armour
 g - a +0 chain mail
 j - a +0 scale mail
 k - a +0 helmet (worn)
 q - a +2 robe of willpower
 s - +0 acid dragon scales (worn)
 D - a +1 ring mail of poison resistance
 I - a +2 pair of boots (worn)
 J - a +0 buckler
Jewellery
 h - a ring of fire
 r - a ring of wizardry (left hand)
 y - an amulet of guardian spirit
 E - a +6 ring of intelligence (right hand)
Wands
 F - a wand of quicksilver (6)
 K - a wand of roots (12)
 L - a wand of flame (15)
 P - a wand of digging (2)
Scrolls
 d - a scroll of amnesia
 f - 4 scrolls of teleportation
 i - a scroll of fear
 l - a scroll of butterflies
 m - a scroll of noise {unknown}
 p - a scroll of silence {unknown}
 u - 4 scrolls of vulnerability
 w - 3 scrolls of immolation
 z - a scroll of fog {unknown}
 C - 2 scrolls of enchant weapon {unknown}
 H - a scroll of brand weapon
 M - a scroll of revelation {unknown}
 O - a scroll of identify
Potions
 e - a potion of berserk rage
 t - a potion of mutation {unknown}
 x - 3 potions of curing
 A - a potion of invisibility
 B - a potion of degeneration {unknown}
 N - a potion of attraction {unknown}


   Skills:
 - Level 10.0 Fighting
 - Level 10.0 Long Blades
 - Level 2.0 Throwing
 - Level 10.0 Dodging
 + Level 3.7 Spellcasting
 + Level 10.6 Ice Magic


You had 11 spell levels left.
You knew the following spells:

 Your Spells              Type           Power      Damage    Failure   Level
a - Hailstorm             Conj/Ice       31%        3d8       1%          3
b - Summon Ice Beast      Ice/Summ       31%        N/A       1%          3

Your spell library contained the following spells:

 Spells                   Type           Power      Damage    Failure   Level
 Ensorcelled Hibernation  Hex/Ice        62%        N/A       1%          2
 Kiss of Death            Conj/Necr      16%        2d6       4%          1
 Magic Dart               Conj           16%        1d3       4%          1
 Searing Ray              Conj           8%         2d4       8%          2
 Confusing Touch          Hex            4%         N/A       14%         3
 Dazzling Flash           Conj/Hex       8%         N/A       14%         3
 Mephitic Cloud           Conj/Alch/Air  4%         N/A       14%         3
 Passwall                 Erth           4%         N/A       14%         3
 Swiftness                Air            4%         N/A       14%         3
 Brom's Barrelling Bould  Conj/Erth      4%         2d3       41%         4
 Dispel Undead            Necr           4%         3d7       41%         4
 Fulminant Prism          Conj/Alch      2%         3d5       41%         4
 Sculpt Simulacrum        Ice/Alch       15%        N/A       58%         6
 Curse of Agony           Necr           4%         N/A       75%         5
 Fireball                 Conj/Fire      2%         3d4       75%         5
 Iskenderun's Battlesphe  Conj           4%         2d6       75%         5
 Silence                  Hex/Air        2%         N/A       75%         5
 Conjure Ball Lightning   Conj/Air       2%         3x3d6     99%         6
 Orb of Destruction       Conj           2%         9d5       100%        7


Dungeon Overview and Level Annotations

Branches:
Dungeon (10/15)            Temple (1/1) D:7         Ossuary (visited)
   Lair: D:8-11         Orc: D:9-12

Altars:
Ashenzari
Cheibriados
Dithmenos
Elyvilon
Fedhas
Gozag
Hepliaklqana
Kikubaaqudgha
Makhleb
Nemelex Xobeh
Okawaru
Qazlal
Ru
Sif Muna
Trog
Uskayaw
Vehumet
Wu Jian
Xom
Yredelemnul
Zin
The Shining One

Shops:
D:1 [   D:2 *   D:7 (

Annotations:
D:3 3 runed translucent doors, JAYMINE's ghost, weakling GnWr
D:10 Nergalle


Innate Abilities, Weirdness & Mutations

((You are very nimble when in or above water. (Stealth+, EV+, Speed+++)))
Your lower body shifts to a powerful aquatic tail in water.


Message History

The spectral orc warrior closely misses you.
Nergalle hits you but does no damage.
You closely miss Nergalle.
Nergalle is moderately wounded.
The spectral orc warrior barely misses you.
The human simulacrum misses you.
You hit Nergalle but do no damage.
Nergalle is poisoned.
Nergalle is moderately wounded.
Nergalle yells, "What are YOU looking at?"
Nergalle hits you with a +0 dagger.
The spectral orc warrior hits you with a +0 hand axe!
You hit Nergalle.
Nergalle looks as sick as possible!
Nergalle is heavily wounded.
Nergalle hits you but does no damage. The human simulacrum misses you.
The spectral orc warrior misses you.
You closely miss Nergalle.
Nergalle is heavily wounded.
Nergalle casts a spell at you. The bolt of negative energy hits you!!
You feel drained.
The spectral orc warrior completely misses you.
The human simulacrum misses you.
You hit Nergalle.
Nergalle looks as sick as possible!
Nergalle is severely wounded.
Nergalle hits you with a +0 dagger.
The spectral orc warrior hits you but does no damage.
You slash Nergalle!
Nergalle looks as sick as possible!
Nergalle is almost dead.
The human simulacrum completely misses you.
Nergalle casts a spell at you.
Orcish apparitions take form around you.
You hit Nergalle but do no damage.
Nergalle is almost dead.
The spectral orc warrior misses you.
Nergalle points at you and mumbles some strange words.
The bolt of negative energy hits you!!
You feel drained.
* * * LOW HITPOINT WARNING * * *
The human simulacrum hits you.
* * * LOW HITPOINT WARNING * * *
The human simulacrum freezes you!
You die...

$.##)?... .........
#....... #.....#
#.....# #.....#
#ZZ...# ###@Z...#
##.#.oZ..#
##..Z#+#.##
##......# #
#######.......#..
#................
#.................
#.............#....
#.............#.##.


You could see Nergalle (extremely poisoned), 3 spectral orc warriors, a spectral
orc warlord (summoned) and a human simulacrum.

Vanquished Creatures
  A two-headed ogre (D:7)
  Pikel (D:8)
  A troll (D:10)
  Sigmund (D:2)
  A wraith (D:9)
  18 yaks
  2 steam dragons (D:9)
  4 vampire mosquitoes (D:9)
  An acid dragon (D:9)
  3 ice beasts
  A black bear (D:6)
  2 ogres
  A centaur (D:7)
  A weeping skull (Ossuary)
  5 kobold brigands (D:9)
  4 bullfrogs
  3 scorpions
  7 water moccasin zombies (Ossuary)
  2 jellies
  4 howler monkeys
  6 hounds
  A gnoll bouda (D:8)
  12 orc priests
  A spectral scorpion (Ossuary)
  9 orc wizards
  3 iguanas
  2 sleepcaps
  A crocodile zombie (Ossuary)
  A bullfrog simulacrum (Ossuary)
  2 mummies (Ossuary)
  Robin (D:2)
  3 gnolls (D:8)
  6 adders
  A shadow imp (D:5)
  2 white imps (D:6)
  2 ufetubi (D:6)
  3 adder zombies (Ossuary)
  A dart slug (D:2)
  17 orcs
  9 ball pythons
  7 endoplasms
  6 giant cockroaches
  12 goblins
  11 hobgoblins
  2 jackals (D:1)
  22 kobolds
  3 quokkas
  8 bats
  2 frilled lizards
  6 gnoll zombies (Ossuary)
  3 jackal zombies (Ossuary)
  3 orc zombies (Ossuary)
  8 rats
239 creatures vanquished.

Vanquished Creatures (collateral kills)
  An orc warrior (D:8)
  3 kobolds (D:9)
4 creatures vanquished.

Grand Total: 243 creatures vanquished

Notes
Turn   | Place    | Note
-------+----------+-------------------------------------------
     0 | D:1      | AgateBread the Merfolk Gladiator began the quest for the
                  | Orb.
     0 | D:1      | Reached XP level 1. HP: 16/16 MP: 1/1
   120 | D:1      | Found Tevis's Antique Armour Emporium.
   210 | D:1      | Reached XP level 2. HP: 13/22 MP: 2/2
   699 | D:1      | Reached XP level 3. HP: 27/27 MP: 3/3
  1273 | D:2      | Noticed Sigmund
  1274 | D:2      | Noticed Robin
  1290 | D:1      | Reached skill level 5 in Long Blades
  1728 | D:2      | Killed Robin
  2046 | D:2      | Reached XP level 4. HP: 33/33 MP: 4/4
  2216 | D:2      | Killed Sigmund
  2217 | D:2      | Reached XP level 5. HP: 28/38 MP: 5/5
  2217 | D:2      | Reached XP level 6. HP: 32/44 MP: 6/6
  2361 | D:2      | Found Koqufey's Assorted Antiques.
  2369 | D:2      | Bought a twisted agate ring for 110 gold pieces
  2578 | D:3      | Found a runed translucent gate.
  2580 | D:3      | Found a runed translucent gate.
  2581 | D:3      | Found a runed translucent gate.
  2590 | D:3      | You fall into a shaft and drop 3 floors!
  2600 | D:5      | Entered Level 5 of the Dungeon
  2629 | D:5      | Found a sparkling altar of Nemelex Xobeh.
  3035 | D:4      | Reached skill level 5 in Dodging
  3403 | D:4      | Found a sand-covered staircase.
  3408 | Ossuary  | Entered an ossuary
  3435 | Ossuary  | Reached XP level 7. HP: 48/50 MP: 7/7
  3721 | Ossuary  | Reached XP level 8. HP: 39/56 MP: 8/8
  4750 | D:4      | Reached skill level 10 in Long Blades
  4888 | D:3      | Found a shimmering altar of Xom.
  4979 | D:3      | Noticed JAYMINE's ghost (weakling GnWr)
  5320 | D:3      | Found a snail-covered altar of Cheibriados.
  5334 | D:3      | Became a worshipper of Cheibriados the Contemplative
  6349 | D:5      | Reached skill level 10 in Dodging
  6355 | D:5      | Reached * piety under Cheibriados
  6491 | D:5      | Reached XP level 9. HP: 49/66 MP: 9/9
  6725 | D:5      | Reached skill level 5 in Fighting
  6729 | D:5      | Learned a level 3 spell: Hailstorm
  6733 | D:5      | Learned a level 3 spell: Summon Ice Beast
  7366 | D:6      | Reached ** piety under Cheibriados
  8686 | D:7      | Found Codeyd's Antique Weapon Shoppe.
  8736 | D:7      | Found a staircase to the Ecumenical Temple.
  8764 | Temple   | Entered the Ecumenical Temple
  9383 | D:7      | Found a hide-covered altar of Uskayaw.
  9383 | D:7      | Found a shadowy altar of Dithmenos.
  9383 | D:7      | Found the +16 obsidian axe {drain, demonic, Mesm ^Drain Fly
                  | SInv}
  9625 | D:7      | Noticed a two-headed ogre
  9636 | D:7      | Killed a two-headed ogre
  9637 | D:7      | Reached skill level 10 in Fighting
  9637 | D:7      | Reached skill level 1 in Ice Magic
  9637 | D:7      | Reached XP level 10. HP: 73/85 MP: 10/10
 10055 | D:8      | Reached *** piety under Cheibriados
 10058 | D:8      | Reached skill level 5 in Ice Magic
 10993 | D:8      | Noticed Pikel
 11008 | D:8      | Killed Pikel
 12207 | D:9      | Identified the storm talisman of the Mantidfly {rC+}
 12240 | D:9      | Reached **** piety under Cheibriados
 13907 | D:9      | Reached skill level 1 in Spellcasting
 13912 | D:9      | Reached XP level 11. HP: 75/90 MP: 8/13
 13958 | D:9      | Reached skill level 10 in Ice Magic
 15104 | D:10     | Entered Level 10 of the Dungeon
 15325 | D:10     | Noticed Nergalle
 15340 | D:10     | Noticed a spectral orc warlord
 15340 | D:10     | HP: 3/82 [Nergalle/bolt of negative energy (25)]
 15340 | D:10     | Mangled by a human simulacrum

Illustrated notes

Levels and vault maps discovered:
D:1:      psy_arrival_heroes, layout_loops_ring, serial_shops, shop
D:2:      layout_rooms, serial_shops, shop, minmay_misc_feat_room, uniq_robin,
          uniq_sigmund
D:3:      layout_loops_ring, regret_index_xom_buried_treasure,
          mainiacjoe_overflow_alcove_4, gammafunk_ghost_icy,
          kennysheep_pointless_box
D:4:      layout_cave_pools, nicolae_ossuary_entry_plus
D:5:      layout_loops_ring, nemelex_diamond_rough_becter,
          serial_library_hellmonk_open_square
D:6:      layout_loops_ring
D:7:      layout_layer_cave, gammafunk_temple_overflow_pools,
          minmay_temple_entry_statues, serial_shops, nicolae_stop_n_shop_2,
          serial_glass, glass_columns_a, glass_columns_a,
          kennysheep_generic_room_4
D:8:      layout_layer_cave, uniq_pikel
D:9:      layout_stronghold
D:10:     layout_basic, orc_0_dummy, bh_circular_ruins, uniq_nergalle
Temple:   sentei_temple_godly_chess

Skill      XL: |  1  2  3  4  5  6  7  8  9 10 11 |
---------------+----------------------------------+-----
Long Blades    | 4 5 7 8 9 10 | 10.0
Dodging        | 5 7 10 | 10.0
Fighting       | 4 10 | 10.0
Ice Magic      | 1 9 10 | 10.6
Spellcasting   | 1 3 |  3.7
Throwing       | |  2.0

Action                     |  1- 3 |  4- 6 |  7- 9 | 10-12 || total
---------------------------+-------+-------+-------+-------++-------
  Melee: Long sword        |    90 |   121 |   431 |   268 ||   910
         Punch             |       |     3 |     5 |     3 ||    11
  Throw: Boomerang         |     4 |     5 |    17 |     7 ||    33
         Throwing net      |       |     3 |     1 |       ||     4
         Javelin           |       |     1 |     3 |     1 ||     5
         Dart              |       |       |     3 |       ||     3
   Cast: Hailstorm         |       |       |       |     8 ||     8
         Summon Ice Beast  |       |       |       |     8 ||     8
 Invoke: Slouch            |       |       |       |     1 ||     1
  Evoke: Wand              |       |       |     2 |     4 ||     6
    Use: Potion            |     2 |       |     3 |     4 ||     9
         Scroll            |       |     3 |     8 |     7 ||    18
   Stab: Sleeping          |     1 |       |       |       ||     1
         Held in net/web   |       |     1 |     1 |       ||     2
         Distracted        |       |       |     1 |       ||     1
 Armour: Leather armour    |    59 |       |       |       ||    59
         Scale mail        |     2 |    69 |   131 |       ||   202
         Ring mail         |       |       |   101 |    68 ||   169
         Acid dragon scale |       |       |       |   115 ||   115
  Dodge: Dodged            |    86 |    50 |   284 |   392 ||   812
